 Dungeon Crawl Stone Soup version 0.18.1-50-g88ac8fd (webtiles) character file.

3698 striepan the Arsonist (level 9, -2/48 HPs)
             Began as a Deep Elf Fire Elementalist on Sept 29, 2016.
             Was a Follower of Vehumet.
             Shot with an arrow by a centaur warrior (6 damage)
             ... on level 9 of the Dungeon on Sept 30, 2016.
             The game lasted 01:34:33 (8679 turns).

striepan the Arsonist (Deep Elf Fire Elementalist)  Turns: 8679, Time: 01:34:33

Health: -2/48      AC:  5    Str:  5    XL:     9   Next: 91%
Magic:  16/27      EV: 14    Int: 24    God:    Vehumet [*.....]
Gold:   447        SH:  0    Dex: 15    Spells: 4 memorised, 7 levels left

rFire  . . .     SeeInvis .     J - +1 halberd (venom)
rCold  . . .     Gourm    .     K - +0 robe {MR+}
rNeg   . . .     Faith    .     (shield currently unavailable)
rPois  .         Spirit   .     (no helmet)
rElec  .         Dismiss  .     (no cloak)
rCorr  .         Reflect  .     (no gloves)
SustAt .         Harm     .     r - +2 pair of boots {run}
MR     +....                    (no amulet)
Stlth  ++........               (no ring)
                                g - ring of magical power

@: quick, somewhat resistant to hostile enchantments, unstealthy
A: no striking features
a: Renounce Religion


You were on level 9 of the Dungeon.
You worshipped Vehumet.
Vehumet was aware of your devotion.
You were not hungry.

You visited 2 branches of the dungeon, and saw 10 of its levels.
You also visited: Sewer.

You collected 447 gold pieces.

Inventory:

Hand Weapons
 i - a +0 short sword
 k - a +0 dagger
 p - a +2 scimitar of freezing
 J - a +1 halberd of venom (weapon)
 L - a +2 whip of pain
 M - a +1 whip of freezing
Armour
 a - a +0 robe
 r - a +2 pair of boots of running (worn)
 K - a +0 robe of magic resistance (worn)
 P - a +0 buckler
Magical Staves
 s - an uncursed staff of cold
Jewellery
 g - a ring of magical power (left hand)
Wands
 w - a wand of random effects (0/48)
 A - a wand of digging (10/24)
 N - a wand of lightning (0/15)
 O - a wand of polymorph (10/24)
 Q - a wand of acid (2/15)
 R - a wand of acid (3/15)
Scrolls
 e - 2 scrolls of enchant armour
 f - 2 scrolls of fog
 o - 2 scrolls of identify
 q - 5 scrolls of remove curse
 v - a scroll of immolation {unknown}
 x - 2 scrolls of enchant weapon {unknown}
 y - 3 scrolls of blinking {unknown}
 E - 2 scrolls of recharging {unknown}
 F - a scroll of magic mapping {unknown}
 G - 3 scrolls of teleportation {unknown}
Potions
 d - 6 potions of heal wounds
 h - a potion of resistance {unknown}
 j - a potion of magic {unknown}
 l - a potion of ambrosia {unknown}
 m - a potion of haste
 n - a potion of invisibility {unknown}
 t - 4 potions of flight
 B - 5 potions of curing
 C - 2 potions of agility {unknown}
 D - 3 potions of might
 H - 2 potions of mutation {unknown}
 I - a potion of lignification {unknown}
Books
 b - a book of Flames

   Spells                             Type                      Level
   a - Flame Tongue                   Conjuration/Fire             1
   b - Throw Flame                    Conjuration/Fire             2
   c - Conjure Flame                  Conjuration/Fire             3
   d - Inner Flame                    Hexes/Fire                   3
   e - Sticky Flame                   Conjuration/Fire             4
   f - Fireball                       Conjuration/Fire             5
Comestibles
 c - 7 bread rations
 u - 5 meat rations
 z - 3 fruits


   Skills:
 - Level 2.3 Fighting
 - Level 4.8 Dodging
 - Level 2.4 Stealth
 - Level 5.1 Spellcasting
 - Level 10.0 Conjurations
 + Level 10.6 Fire Magic


You had 7 spell levels left.
You knew the following spells:

 Your Spells              Type           Power        Failure   Level  Hunger
a - Flame Tongue          Conj/Fire      #####        1%          1    None
b - Throw Flame           Conj/Fire      ######       1%          2    None
c - Conjure Flame         Conj/Fire      ######..     1%          3    ##.....
d - Fireball              Conj/Fire      ######....   3%          5    #####..


Dungeon Overview and Level Annotations

Branches:
Dungeon (9/15)             Temple (1/1) D:6
   Lair: D:8-11         Orc: D:9-12

Altars:
Ashenzari
Cheibriados
Dithmenos
Elyvilon
Fedhas
Gozag
Kikubaaqudgha
Makhleb
Nemelex Xobeh
Okawaru
Pakellas
Qazlal
Ru
Sif Muna
Trog
Vehumet
Xom
Yredelemnul
Zin
The Shining One

Shops:
D:4 }(


Message History

Confirm with . or Enter, or press ? or * to list all spells.
Aiming: Fireball
Press: ? - help, Shift-Dir - straight line, f/p - centaur warrior
Aim: a centaur warrior, wielding a shortbow and wearing an encrusted sapphire ring (moderately wounded, fast)
The fireball explodes!
The fireball engulfs the centaur warrior.
The centaur warrior is heavily wounded.
The centaur warrior shoots an arrow.
The arrow barely misses you.
The centaur warrior shoots an arrow.
The arrow hits you!!
* * * LOW HITPOINT WARNING * * *
Read which item? (? for menu, Esc to quit)
Okay, then.
The centaur warrior shoots an arrow.
The arrow hits you!
* * * LOW HITPOINT WARNING * * *
You see here an arrow.
Read which item? (? for menu, Esc to quit)
As you read the scroll of fog, it crumbles to dust.
The scroll dissolves into smoke.
The centaur warrior shoots an arrow.
The arrow hits you.
You die...

# #................ #
#................ #
#................ #
#...(...........>
##############......†........>
..................[(c.........
..############.....#.......###
..# #..§§.#.......# ..#
#.§@§.##.....## ..#
#.§§§.####.###
..############.....# .c.
...................# ....
###................# ###..
#..############..# #/ #..#
##.# #..# ... #..# ....


You could see a centaur warrior.

Vanquished Creatures
  Pikel (D:6)
  The ghost of Duraxyll the Skirmisher, a novice GrBe of Trog (D:5)
  The ghost of shugdite the Cudgeler, an amateur MiFi of Trog (D:4)
  A hungry ghost (D:7)
  An orc warrior (D:7)
  2 slaves (D:6)
  3 sky beasts
  An ice beast (D:9)
  2 phantoms (D:5)
  3 ogres
  Blork the orc (D:6)
  5 giant frogs
  A wyvern skeleton (D:9)
  4 scorpions
  A wight (D:9)
  2 howler monkeys
  4 crimson imps
  3 hounds
  A jelly (D:6)
  5 orc wizards
  Jessica (D:3)
  3 giant frog skeletons
  2 iguanas
  5 worker ants
  A hound skeleton (D:5)
  A worker ant zombie (D:5)
  6 gnolls
  11 adders
  A river rat (Sewer)
  2 shadow imps (D:8)
  An ooze (Sewer)
  3 adder skeletons
  3 worms
  3 dart slugs (D:3)
  5 giant geckos
  15 orcs
  13 giant cockroaches
  3 goblins
  10 hobgoblins
  5 jackals
  6 kobolds
  8 quokkas
  15 ball pythons
  10 bats
  7 giant newts
  A jackal skeleton (D:4)
  34 rats
218 creatures vanquished.

Vanquished Creatures (others)
  An orc (D:6)
  A giant cockroach zombie (D:6)
2 creatures vanquished.

Grand Total: 220 creatures vanquished

Notes
Turn   | Place    | Note
--------------------------------------------------------------
     0 | D:1      | striepan the Deep Elf Fire Elementalist began the quest for the Orb.
     0 | D:1      | Reached XP level 1. HP: 10/10 MP: 6/6
   415 | D:1      | Reached XP level 2. HP: 15/15 MP: 5/8
  1006 | D:2      | Reached XP level 3. HP: 19/19 MP: 7/9
  1071 | D:2      | Identified a +2 pair of boots of running (You found it on level 2 of the Dungeon)
  1174 | D:2      | Learned a level 2 spell: Throw Flame
  1179 | D:2      | Learned a level 3 spell: Conjure Flame
  1494 | D:2      | Found a glowing silver altar of Zin.
  1494 | D:2      | Found an iron altar of Okawaru.
  1768 | D:3      | Reached XP level 4. HP: 24/24 MP: 10/10
  1969 | D:3      | Reached XP level 5. HP: 7/28 MP: 9/11
  2297 | D:3      | Reached skill level 5 in Fire Magic
  2636 | D:3      | Noticed Jessica
  2642 | D:3      | Killed Jessica
  2871 | D:4      | Noticed shugdite's ghost (amateur MiFi)
  2928 | D:4      | Reached skill level 5 in Conjurations
  2956 | D:4      | Reached XP level 6. HP: 27/32 MP: 10/12
  3063 | D:4      | Found Gumefieb's Antique Weapon Emporium.
  3202 | D:4      | Found Kigag's Gadget Emporium.
  3359 | D:4      | Killed shugdite's ghost
  3359 | D:4      | Reached XP level 7. HP: 23/36 MP: 0/13
  3598 | D:5      | Entered Level 5 of the Dungeon
  3779 | D:5      | Noticed Duraxyll's ghost (novice GrBe)
  3904 | D:5      | Killed Duraxyll's ghost
  4129 | D:5      | Found a glowing drain.
  4155 | Sewer    | Entered a sewer
  4504 | Sewer    | Reached XP level 8. HP: 41/41 MP: 14/14
  4511 | Sewer    | Learned a level 5 spell: Fireball
  5381 | D:6      | Noticed Blork the orc
  5391 | D:6      | Killed Blork the orc
  6218 | D:6      | Reached skill level 10 in Conjurations
  6221 | D:6      | Noticed Pikel
  6233 | D:6      | Killed Pikel
  6233 | D:6      | Reached XP level 9. HP: 45/45 MP: 1/15
  6616 | D:6      | Found a staircase to the Ecumenical Temple.
  6625 | Temple   | Entered the Ecumenical Temple
  6711 | Temple   | Became a worshipper of Vehumet
  7225 | D:7      | Reached skill level 10 in Fire Magic
  7250 | D:7      | Reached skill level 5 in Spellcasting
  7422 | D:7      | Reached skill level 1 in Fighting
  7640 | D:7      | Found an iron altar of Okawaru.
  8163 | D:8      | Reached * piety under Vehumet
  8163 | D:8      | Offered knowledge of Sting by Vehumet.
  8500 | D:9      | Noticed a centaur warrior
  8679 | D:9      | Shot with an arrow by a centaur warrior

Skill      XL: |  1  2  3  4  5  6  7  8  9 |
---------------+----------------------------+-----
Conjurations   | 2 3 4 5 6 8 10 | 10.0
Fire Magic     | 4 5 6 9 10 | 10.6
Spellcasting   | 5 |  5.1
Fighting       | 2 |  2.3
Dodging        | 4 |  4.8
Stealth        | |  2.4

Action                   |  1- 3 |  4- 6 |  7- 9 || total
-------------------------+-------+-------+-------++-------
Melee: Unarmed           |     1 |       |       ||     1
       Short sword       |       |     1 |    61 ||    62
       Halberd           |       |       |    51 ||    51
       Staff             |       |       |    14 ||    14
 Cast: Flame Tongue      |    62 |    98 |   286 ||   446
       Throw Flame       |     8 |    13 |    15 ||    36
       Conjure Flame     |       |     2 |     9 ||    11
       Fireball          |       |       |    13 ||    13
Evoke: Wand              |       |       |     6 ||     6
  Use: Scroll            |       |       |     8 ||     8
  Eat: Chunk             |     2 |     6 |    16 ||    24
       Beef jerky        |       |       |     1 ||     1
       Pizza             |       |       |     2 ||     2
       Fruit             |       |       |     1 ||     1
Armor: Robe              |    10 |     1 |    45 ||    56
Dodge: Dodged            |    16 |     9 |   117 ||   142
